Map: Ulrena

Players

Raku

  • Race: Terran Terran
  • League: Platinum

Arranion - Winner!

  • Race: Zerg Zerg
  • League: Gold

VOD

Have the link to the VOD?

Description

Time

  • Played on: Feb. 4, 2016, 3:42 p.m.
  • Length: 17:20
Show
View Real Time Build Order
Export as new Build Order

Raku Terran 

Build Orders: Liberator Opening, MMM Bio 

Get SALT Encoding   

  12  0:00  SCV  
  13  0:12  SCV  
  14  0:17  Supply Depot  
  14  0:25  SCV  
  15  0:39  SCV  
  15  0:40  Barracks  
  16  0:45  Refinery  
  16  0:51  SCV  
  17  1:04  SCV  
  19  1:18  SCV  
  19  1:30  Orbital Command  
  19  1:33  Barracks Reactor  
  19  1:55  Command Center  
  19  1:59  SCV  
  20  2:05  Supply Depot  
  20  2:10  Factory, Marine x2  
  20  2:13  SCV  
  23  2:20  Refinery  
  23  2:27  SCV  
  23  2:29  Marine x2  
  26  2:41  SCV  
  27  2:48  Marine x2  
  29  2:54  Factory Reactor  
  29  2:55  Starport  
  29  2:56  SCV  
  30  3:08  Orbital Command, Marine x2  
  30  3:10  SCV  
  33  3:24  Supply Depot  
  34  3:27  Marine x2, SCV  
  34  3:28  Liberator  
  36  3:36  Liberator  
  36  3:38  SCV  
  36  3:41  Factory Tech Lab, SCV  
  38  3:43  Engineering Bay  
  41  3:54  Marine  
  45  3:56  SCV  
  45  3:57  SCV  
  45  4:01  Marine  
  49  4:10  SCV  
  49  4:14  Siege Tank  
  52  4:18  Barracks  
  52  4:19  Supply Depot  
  52  4:22  Marine x2  
  54  4:31  Refinery  
  54  4:35  Terran Infantry Weapons Level 1  
  54  4:39  SCV  
  54  4:41  Barracks, SCV  
  55  5:02  Supply Depot  
  55  5:03  Marine, SCV x2  
  55  5:04  Marine  
  55  5:07  Barracks Tech Lab  
  59  5:09  Barracks  
  59  5:12  Supply Depot  
  59  5:14  Medivac  
  61  5:23  Siege Tank  
  64  5:32  SCV x2  
  66  5:45  Marine x4  
  66  5:47  Stimpack  
  66  5:48  Medivac  
  72  5:53  Supply Depot  
  72  5:57  Supply Depot  
  72  5:58  Barracks  
  72  6:07  Marine  
  72  6:08  Marine x4  
  77  6:25  Marine x2  
  77  6:26  Marauder  
  77  6:29  Marine x2  
  83  6:43  Marine  
  83  6:44  Siege Tank  
  83  6:46  Barracks Reactor  
  87  6:48  Marauder, Terran Infantry Armor Level 1  
  87  6:50  Armory  
  87  6:51  Barracks  
  83  6:54  Barracks  
  83  7:02  Marine x3, SCV x2  
  83  7:03  Marine  
  89  7:09  Marine  
  89  7:10  Missile Turret  
  90  7:15  Medivac  
  90  7:20  Marine x2  
  94  7:35  Missile Turret  
  94  7:38  Supply Depot  
  94  7:39  Supply Depot  
  94  7:59  Marine x6  
  94  8:00  Viking, Marine x3  
  100  8:17  Marine x5  
  100  8:18  Marauder, Marine  
  93  8:20  Marine x2  
  86  8:35  Marine x6  
  86  8:37  Siege Tank, Marine, Medivac  
  86  8:38  Marine  
  86  8:39  Marauder  
  97  8:53  Marine x3  
  97  8:54  Marine x3  
  100  8:55  Marine  
  100  9:01  Marauder  
  103  9:21  Marine x3  
  103  9:22  Marauder, Marine x3  
  110  9:29  Supply Depot  
  110  9:33  Supply Depot  
  110  9:35  Supply Depot  
  110  9:47  Marine x5, SCV  
  110  9:48  Marauder  
  110  9:50  SCV  
  110  9:52  Barracks  
  115  10:09  Marauder  
  94  10:15  Marine x5  
  94  10:16  Marine  
  90  10:25  Marine  
  90  10:26  Marine  
  90  10:27  Combat Shields  
  92  10:29  Terran Infantry Armor Level 2  
  92  10:30  Marauder  
  92  10:33  Marine x3  
  97  10:52  Command Center  
  97  11:03  Marine x2  
  97  11:04  Marauder, Marine x3  
  101  11:09  Marine x2  
  105  11:25  Marine x5  
  106  11:26  Marauder  
  90  11:53  Medivac x2  
  92  12:01  Marine x6  
  95  12:22  Siege Tank  
  95  12:23  Marine x3, Medivac  
  95  12:24  Marine x2  
  102  12:30  Orbital Command  
  102  12:50  Marine x7  
  102  12:51  Marine x2  
  111  12:52  Terran Infantry Weapons Level 2  
  111  12:59  Siege Tank  
  114  13:08  Marine x4  
  86  13:20  Marauder, Marine x3  
  86  13:24  Marine  
  86  13:25  Marine x2  
  86  13:26  Marine x2, Medivac x2  
  98  13:37  Marine  
  98  13:39  Marine x2  
  99  13:42  Marauder, Marine  
  99  13:43  Marine x2  
  99  13:44  Siege Tank  
  99  13:47  Marine x2  
  99  13:56  Marine, Medivac x2  
  99  13:57  Marine x2  
  99  14:00  Marine  
  99  14:01  Marine  
  108  14:03  Marauder  
  108  14:04  Refinery  
  88  14:25  Marauder  
Show
View Real Time Build Order
Export as new Build Order

Arranion Zerg - Winner!

Build Orders: Hatch First 

Get SALT Encoding   

  12  0:01  Drone  
  13  0:13  Overlord  
  13  0:19  Drone  
  14  0:32  Drone x2  
  16  0:36  Drone  
  17  0:53  Hatchery  
  16  0:57  Drone  
  16  1:01  Drone  
  18  1:07  Extractor  
  17  1:18  Spawning Pool  
  16  1:19  Drone  
  16  1:24  Drone  
  18  1:29  Drone  
  19  1:44  Overlord  
  19  1:51  Drone  
  19  2:02  Drone  
  19  2:04  Queen  
  19  2:05  Queen  
  25  2:08  Drone  
  25  2:12  Drone  
  26  2:16  Metabolic Boost  
  26  2:21  Zergling x2  
  27  2:25  Drone  
  28  2:32  Drone  
  28  2:36  Drone  
  30  2:39  Drone  
  31  2:47  Drone  
  31  2:49  Drone  
  33  2:51  Lair  
  33  2:56  Drone  
  34  3:04  Overlord  
  33  3:13  Roach Warren  
  33  3:17  Zergling x4  
  33  3:18  Zergling x2  
  35  3:20  Overlord x2  
  35  3:21  Overlord  
  35  3:34  Drone  
  35  3:35  Drone x3  
  35  3:40  Extractor  
  38  3:47  Queen  
  40  3:56  Drone x4  
  40  3:57  Drone x3  
  40  4:02  Extractor  
  46  4:03  Extractor  
  46  4:06  Glial Reconstitution  
  46  4:08  Spore Crawler  
  44  4:11  Spore Crawler  
  41  4:31  Drone x3  
  43  4:32  Drone x3  
  43  4:34  Roach x3  
  53  4:50  Overlord  
  53  4:51  Overlord x2  
  53  4:56  Roach x2  
  53  4:57  Ravager x3  
  60  5:07  Overlord x3  
  60  5:16  Roach x2  
  60  5:17  Roach x2  
  68  5:28  Roach x2  
  71  5:50  Evolution Chamber  
  71  5:51  Evolution Chamber  
  71  5:52  Roach  
  71  5:53  Roach x5, Hatchery  
  80  5:57  Drone x2  
  80  5:58  Drone  
  79  6:23  Drone x5  
  79  6:25  Drone x3  
  84  6:35  Ravager x6  
  84  6:36  Ravager  
  91  6:44  Zerg Missile Weapons Level 1  
  91  6:45  Zerg Ground Armor Level 1  
  91  6:56  Spine Crawler  
  90  7:06  Drone x4  
  90  7:07  Drone x6  
  100  7:20  Extractor  
  100  7:21  Extractor, Spine Crawler  
  97  7:24  Roach  
  97  7:25  Roach x2  
  97  7:27  Ravager x2  
  105  7:30  Overlord x4  
  105  7:52  Roach x3  
  105  7:53  Roach x7  
  125  8:04  Drone x4  
  80  8:26  Roach  
  68  8:27  Roach x12  
  86  8:39  Queen  
  81  8:45  Roach x5  
  91  8:55  Zerg Missile Weapons Level 2  
  91  8:57  Zerg Ground Armor Level 2  
  91  9:07  Drone x6  
  91  9:09  Roach x2  
  101  9:10  Roach  
  101  9:15  Ravager x2  
  101  9:16  Ravager x2  
  107  9:28  Drone x3  
  107  9:29  Drone  
  107  9:30  Drone x2  
  113  9:34  Spine Crawler  
  112  9:43  Zergling x6  
  112  9:44  Zergling x10  
  120  9:47  Pneumatized Carapace  
  105  10:11  Roach  
  105  10:12  Roach x13  
  116  10:24  Roach x3  
  116  10:27  Queen  
  124  10:30  Zergling x4  
  126  10:36  Zergling x2  
  126  10:39  Ravager  
  126  10:40  Ravager x2  
  126  10:42  Overlord x2  
  130  10:47  Overlord x4  
  102  11:42  Roach  
  102  11:43  Roach x11  
  97  12:24  Roach x8  
  97  12:25  Roach  
  97  12:26  Ravager  
  97  12:27  Ravager x16  
  97  12:28  Ravager  
  133  12:40  Spine Crawler  
  133  12:43  Spine Crawler  
  131  12:44  Spine Crawler  
  131  12:47  Spine Crawler  
  131  12:50  Spine Crawler  
  129  12:51  Drone x3, Spine Crawler  
  129  12:52  Spine Crawler  
  129  12:54  Drone  
  129  12:55  Drone  
  129  12:56  Drone  
  129  12:57  Drone  
  124  13:16  Hatchery  
  118  13:46  Roach x6  
  118  13:47  Roach x3  
  134  14:25  Hatchery  
Tags
 
Add a new tag
Caveats
  • Supply blocks, unpowered buildings, or Contaminate may cause inaccurate times.
  • Supply counts are checked every 10 seconds.